 Dungeon Crawl Stone Soup version 0.32-a0-119-g2e8054a333 (webtiles) character file.

Game seed: 13661414127962016917

31873 TheMeathookMassacre the Dealer of Despair (level 13, 0/117 HPs)
             Began as a Naga Alchemist on Feb 6, 2024.
             Was an Elder of Kikubaaqudgha.
             Slain by Rupert
             ... wielding a +2 battleaxe of venom
              (24 damage)
             ... on level 3 of the Lair of Beasts.
             The game lasted 00:37:09 (21547 turns).

TheMeathookMassacre the Dealer of Despair (NaAl)   Turns: 21547, Time: 00:37:10

Health: 0/117      AC:  8    Str: 17    XL:     13   Next: 60%
Magic:  1/34       EV: 10    Int: 19    God:    Kikubaaqudgha [****..]
Gold:   1508       SH:  4    Dex: 13    Spells: 6/28 levels left

rFire   . . .        H - +1 trident (venom)
rCold   . . .        t - +0 buckler
rNeg    . . .        I - +0 troll leather armour
rPois   +            q - +2 hat {Will+}
rElec   .            (no cloak)
rCorr   .            (no gloves)
SInv    +            (no barding)
Will    ++...        (no amulet)
Stlth   +++          S - +6 ring of strength
HPRegen 1.19/turn    W - ring of magical power
MPRegen 0.24/turn

%: no passive effects
@: short of breath, radiating poison, very slow
A: AC +4, large, see invisible, deformed body, poison resistance, slowness 2,
spit poison 1, naga tail 2
a: Spit Poison, Renounce Religion, Unearth Wretches


You were on level 3 of the Lair of Beasts.
You worshipped Kikubaaqudgha.
Kikubaaqudgha was greatly pleased with you.
You visited 4 branches of the dungeon, and saw 17 of its levels.
You also visited: Bailey.

You collected 1585 gold pieces.
You spent 77 gold pieces at shops.

Inventory:

Hand Weapons
 m - a +2 short sword of venom
 y - a +0 heavy rapier
 H - a +1 trident of venom (weapon)
 O - the +2 war axe of Success {freeze, rCorr Dex+5}
   (You found it on level 2 of the Lair of Beasts)

   Dex+5:     It affects your dexterity (+5).
   rCorr:     It protects you from acid and corrosion.
Missiles
 r - a throwing net {=f!f}
 u - 4 curare-tipped darts {=f}
Armour
 a - a +0 robe
 d - a +0 barding
 k - a +0 tower shield of reflection
 q - a +2 hat of willpower (worn)
 t - a +0 buckler (worn)
 v - the +15 Maxwell's patent armour {-Cast -Tele rElec Will+ rCorr}
   (You found it in a bailey)

   rElec:     It insulates you from electricity.
   Will+:     It increases your willpower.
   -Cast:     It prevents spellcasting.
   -Tele:     It prevents most forms of teleportation.
   rCorr:     It protects you from acid and corrosion.
 w - a +0 crystal plate armour {rare}
 A - a +0 hat
 I - a +0 troll leather armour (worn)
 K - a +0 pair of gloves
 N - a +0 cloak
 P - a +1 hat
Magical Staves
 B - a staff of death {!a}
 Q - a staff of alchemy {!a}
Jewellery
 D - a +6 ring of dexterity
 F - a ring of fire
 L - the ring of Ehuk {rElec rCorr}
   (You found it on level 11 of the Dungeon)

   [ring of resist corrosion]

   rElec:     It insulates you from electricity.
   rCorr:     It protects you from acid and corrosion.
 R - a ring of resist corrosion
 S - a +6 ring of strength (left hand)
 W - a ring of magical power (right hand)
Talismans
 c - a maw talisman
Scrolls
 e - 2 scrolls of amnesia
 f - 8 scrolls of teleportation {@r4}
 g - a scroll of fear
 h - 3 scrolls of immolation {!r!r}
 j - 2 scrolls of poison
 l - a scroll of vulnerability {!r!r}
 n - 2 scrolls of enchant weapon
 o - 2 scrolls of noise {!r}
 p - 2 scrolls of silence {!r!r}
 C - a scroll of fog
 U - a scroll of identify {@r1}
 V - a scroll of enchant armour
Potions
 b - a potion of magic
 i - a potion of brilliance
 x - 2 potions of enlightenment
 z - 4 potions of curing {@q1}
 E - 2 potions of attraction {!q}
 G - a potion of degeneration {!q}
 J - a potion of haste {@q3}
 T - a potion of might {unknown}
Miscellaneous
 M - a tin of tremorstones (2/2)


   Skills:
 - Level 8.0 Fighting
 + Level 1.7 Armour
 - Level 4.0 Dodging
 - Level 8.0 Stealth
 - Level 8.0 Spellcasting
 - Level 1.0 Conjurations
 - Level 8.0 Hexes
 - Level 15.0 Necromancy
 - Level 10.0 Alchemy


You had 6 spell levels left.
You knew the following spells:

 Your Spells              Type           Power      Damage    Failure   Level
d - Death Channel         Necr           29%        N/A       4%          6
o - Olgreb's Toxic Radia  Alch           45%        N/A       2%          4
s - Sting                 Conj/Alch      100%       1d9       1%          1
X - Martyr's Knell        Necr/Summ      36%        N/A       7%          4
Y - Anguish               Hex/Necr       25%        N/A       1%          4
Z - Fugue of the Fallen   Necr           59%        N/A       1%          3

Your spell library contained the following spells:

 Spells                   Type           Power      Damage    Failure   Level
 Necrotise                Necr           100%       1d9       1%          1
 Cigotuvi's Dreadful Rot  Necr/Alch/Air  78%        N/A       1%          2
 Jinxbite                 Hex            76%        N/A       1%          2
 Vampiric Draining        Necr           59%        2d10      1%          3
 Curse of Agony           Necr           59%        N/A       1%          5
 Mercury Vapours          Alch/Air       52%        N/A       2%          2
 Mephitic Cloud           Conj/Alch/Air  21%        N/A       10%         3
 Yara's Violent Unravell  Hex/Alch       20%        3d9       10%         5
 Apportation              Tloc           14%        N/A       14%         1
 Freeze                   Ice            28%        1d5       14%         1
 Summon Small Mammal      Summ           28%        N/A       14%         1
 Sticky Flame             Fire/Alch      26%        2d6       19%         4
 Scorch                   Fire           14%        2d5       22%         2
 Hailstorm                Conj/Ice       9%         3d6       34%         3
 Stone Arrow              Conj/Erth      18%        3d8       34%         3
 Frozen Ramparts          Ice            14%        1d3       41%         3
 Flame Wave               Conj/Fire      9%         2d6       75%         4
 Animate Armour           Summ/Erth      14%        N/A       82%         4
 Summon Cactus Giant      Summ           3%         N/A       100%        6
 Enfeeble                 Hex            19%        N/A       99%         7
 Lehudib's Crystal Spear  Conj/Erth      4%         10d3      100%        8


Dungeon Overview and Level Annotations

Branches:
Dungeon (11/15)            Temple (1/1) D:6            Lair (3/5) D:10
  Swamp (0/4) Lair:2        Snake (0/4) Lair:2          Orc (2/2) D:10
    Elf (0/3) Orc:2        Bailey (visited)

Altars:
Ashenzari
Cheibriados
Dithmenos
Elyvilon
Fedhas
Gozag
Hepliaklqana
Kikubaaqudgha
Makhleb
Nemelex Xobeh
Okawaru
Qazlal
Ru
Sif Muna
Trog
Uskayaw
Vehumet
Wu Jian
Xom
Yredelemnul
Zin
The Shining One

Shops:
D:2 =   D:4 *   Orc:1 ?   Orc:2 [=*(

Portals:
Trove: D:11 (give +6 demon blade)

Annotations:
Lair:3 Rupert
Orc:1 exclusion: 2 doors


Innate Abilities, Weirdness & Mutations

Your serpentine skin is tough. (AC +4)
You have supernaturally acute eyesight. (SInv)
Armour fits poorly on your strangely shaped body.
Your system is resistant to poisons. (rPois)
You cover ground very slowly.
You can spit poison.
You can use your snake-like lower body to constrict enemies.


Message History

Casting: Olgreb's Toxic Radiance (mildly dangerous; 2% risk of failure)
Confirm with . or Enter, or press ? or * to list all spells.
Your toxic radiance grows in intensity.
You block Rupert's attack.
Unknown command.
You hit Rupert but do no damage. Your grab misses Rupert.
Rupert looks as sick as possible!
Rupert hits you with a +2 battleaxe of venom.
You are poisoned.
Rupert is wracked by anguish.
Rupert hits you with a +2 battleaxe of venom!!
Rupert is wracked by anguish!!
Casting: Olgreb's Toxic Radiance (mildly dangerous; 2% risk of failure)
Confirm with . or Enter, or press ? or * to list all spells.
Your toxic radiance grows in intensity.
Rupert looks as sick as possible!
You feel very sick.
Rupert hits you with a +2 battleaxe of venom.
You are more poisoned.
Rupert is wracked by anguish.
Rupert misses you.
Unknown command.
Unknown command.
Unknown command.
Unknown command.
Unknown command.
Unknown command.
Unknown command.
Aiming: Spit Poison (1% risk of failure)
Press: ? - help, Shift-Dir - straight line, f - Rupert
Aim: Rupert, wielding a +2 battleaxe of venom, wearing a +0 scale mail and wearing a ring of resist corrosion (heavily wounded, berserk, extremely poisoned, anguished, 69% to hit)
The splash of poison hits Rupert.
Rupert looks as sick as possible!
You feel very sick.
Rupert hits you with a +2 battleaxe of venom!!
* * * LOW HITPOINT WARNING * * *
Rupert is wracked by anguish!!
You barely miss Rupert. Your grab misses Rupert.
Rupert looks as sick as possible!
You feel very sick.
Rupert hits you with a +2 battleaxe of venom!!
* * * LOW HITPOINT WARNING * * *
Rupert is wracked by anguish!!
Rupert hits you with a +2 battleaxe of venom!
* * * LOW HITPOINT WARNING * * *
Rupert is wracked by anguish!
Unknown command.
Okay, then.
Unknown command.
You feel better.
Rupert looks as sick as possible!
Rupert hits you with a +2 battleaxe of venom!!
You die...
Rupert roars with triumph.
Kikubaaqudgha rasps: You have failed me!
Welcome... death!

.... #..## ..# #....
#...# # #...# #...#
#...## ##..## #....#
#...# ##....## ##..##
#......# #...#
#.@...# ##..## #.@..#
#....# ##...# ##..##
#...## #...# ##....#
#...# #....## ###
#..## ##...##
##P###..##
#....†###...#....##
###................#
.....................


You could see Rupert (berserk, extremely poisoned, anguished).

Vanquished Creatures
  Jorgrun (Orc:1)
  A catoblepas (Lair:1)
  A death yak (Lair:1)
  3 two-headed ogres
  A tengu warrior (D:10)
  Sonja (Orc:1)
  A bog body (Lair:2)
  An orc knight (Bailey)
  2 orc sorcerers (Orc:2)
  3 kobold blastminers (Orc:2)
  A cyclops (D:11)
  A black mamba (Lair:2)
  A cane toad (Lair:2)
  2 komodo dragons
  A tengu conjurer (D:10)
  A hornet (D:8)
  5 trolls
  A slime creature (Lair:2)
  A spriggan (D:8)
  3 wyverns
  2 basilisks
  2 wargs (Orc:1)
  10 yaks
  A steam dragon (D:8)
  2 water moccasins
  27 orc warriors
  3 black bears (D:10)
  2 ogres
  2 wolves
  4 centaurs
  A phantom (D:4)
  3 kobold brigands
  2 gnoll sergeants
  9 bullfrogs
  A scorpion (D:4)
  4 wights
  9 killer bees
  6 howler monkeys
  2 hounds (D:5)
  5 jellies (Lair:2)
  8 orc priests
  2 gnoll boudas
  5 iguanas
  2 sleepcaps
  13 orc wizards
  28 gnolls
  2 adders
  A shadow imp (D:5)
  A white imp (D:7)
  3 dart slugs
  3 ribbon worms
  77 orcs
  21 endoplasms
  2 giant cockroaches
  11 goblins
  8 hobgoblins
  2 jackals (D:2)
  2 quokkas (D:3)
  13 ball pythons
  6 bats
  4 frilled lizards
  22 kobolds
  4 rats (D:2)
369 creatures vanquished.

Vanquished Creatures (collateral kills)
  An orc warlord (Orc:2)
  An orc high priest (Orc:2)
  An orc knight (Orc:2)
  An orc sorcerer (Orc:2)
  A black mamba (Lair:3)
  A torpor snail (Lair:1)
  3 blink frogs (Lair:2)
  7 yaks (Lair:1)
  A naga (Lair:2)
  An orc (Orc:1)
18 creatures vanquished.

Vanquished Creatures (others)
  Erolcha (D:11)
  3 hydras
  A catoblepas (Lair:3)
  A skyshark (Lair:3)
  An orc knight (Orc:2)
  A salamander (Lair:2)
  A cane toad (Lair:2)
  A rime drake (Lair:2)
  2 komodo dragons
  A polar bear (Lair:3)
  A blink frog (Lair:2)
  4 yaks (Lair:1)
  A wraith (D:10)
  A warg (Orc:1)
  A water moccasin (Lair:1)
  A naga (Lair:2)
  4 orc warriors (Orc:2)
  2 wolves (Lair:3)
28 creatures vanquished.

Grand Total: 415 creatures vanquished

Notes
Turn   | Place    | Note
-------+----------+-------------------------------------------
     0 | D:1      | TheMeathookMassacre the Naga Alchemist began the quest for
                  | the Orb.
     0 | D:1      | Reached XP level 1. HP: 15/15 MP: 3/3
   288 | D:1      | Reached XP level 2. HP: 22/22 MP: 0/5
   765 | D:1      | Found a faded altar of an unknown god.
  1405 | D:2      | Found Vonon's Jewellery Emporium.
  1444 | D:2      | Reached XP level 3. HP: 28/28 MP: 3/6
  2261 | D:3      | Reached skill level 3 in Spellcasting
  2270 | D:3      | HP: 1/28 [orc/+0 dagger (1)]
  2393 | D:3      | Reached XP level 4. HP: 36/36 MP: 6/8
  2414 | D:3      | Learned a level 4 spell: Olgreb's Toxic Radiance
  2585 | D:3      | Found a glowing golden altar of the Shining One.
  2585 | D:3      | Found a shimmering altar of Xom.
  3354 | D:3      | Found a bloodstained altar of Trog.
  3359 | D:3      | Reached XP level 5. HP: 42/42 MP: 4/10
  3742 | D:4      | Found a hide-covered altar of Uskayaw.
  3870 | D:4      | Found Axiguipp's Neck Hole.
  3895 | D:4      | Noticed a phantom
  3955 | D:4      | Found a sparkling altar of Nemelex Xobeh.
  4146 | D:4      | Killed a phantom
  4147 | D:4      | Reached skill level 6 in Alchemy
  4147 | D:4      | Reached XP level 6. HP: 44/49 MP: 10/12
  4581 | D:5      | Entered Level 5 of the Dungeon
  4592 | D:5      | Reached skill level 3 in Dodging
  4999 | D:5      | Reached XP level 7. HP: 50/55 MP: 7/13
  5064 | D:5      | Reached skill level 1 in Fighting
  5678 | D:6      | Reached skill level 3 in Fighting
  6241 | D:6      | Reached XP level 8. HP: 73/73 MP: 7/14
  6728 | D:6      | Found a staircase to the Ecumenical Temple.
  7193 | Temple   | Entered the Ecumenical Temple
  7248 | Temple   | Became a worshipper of Kikubaaqudgha
  7306 | D:7      | Reached skill level 6 in Fighting
  7435 | D:7      | Found a flagged portal.
  7443 | Bailey   | Entered a bailey
  7743 | Bailey   | Noticed an orc knight
  7754 | Bailey   | Reached * piety under Kikubaaqudgha
  7754 | Bailey   | Received a gift from Kikubaaqudgha
  7767 | Bailey   | Killed an orc knight
  7768 | Bailey   | Reached XP level 9. HP: 32/88 MP: 0/15
  8010 | Bailey   | Found the +15 Maxwell's patent armour {-Cast -Tele rElec
                  | Will+ rCorr}
  9186 | D:7      | Found a blossoming altar of Fedhas.
  9186 | D:7      | Found an opulent altar of Gozag.
  9541 | D:8      | Reached skill level 6 in Spellcasting
  9546 | D:8      | Reached ** piety under Kikubaaqudgha
 10707 | D:8      | Reached XP level 10. HP: 50/84 MP: 8/21
 10835 | D:8      | Reached skill level 1 in Necromancy
 11118 | D:7      | Reached skill level 2 in Necromancy
 11549 | D:8      | Found a glowing silver altar of Zin.
 11939 | D:8      | Reached skill level 3 in Necromancy
 12042 | D:9      | Noticed a two-headed ogre
 12052 | D:9      | Killed a two-headed ogre
 12053 | D:9      | Reached skill level 5 in Necromancy
 12497 | D:9      | Reached skill level 6 in Necromancy
 12714 | D:9      | Noticed a two-headed ogre
 12723 | D:9      | Killed a two-headed ogre
 12724 | D:9      | Reached skill level 7 in Necromancy
 12904 | D:10     | Entered Level 10 of the Dungeon
 13258 | D:10     | Reached skill level 8 in Necromancy
 13309 | D:10     | Noticed a tengu warrior
 13322 | D:10     | Killed a tengu warrior
 13323 | D:10     | Reached skill level 9 in Necromancy
 13323 | D:10     | Reached XP level 11. HP: 23/103 MP: 3/23
 13821 | D:10     | Found a staircase to the Lair.
 14229 | D:10     | Found a staircase to the Orcish Mines.
 14735 | D:11     | Found a portal to a secret trove of treasure.
 15089 | D:11     | Noticed Erolcha
 15093 | D:11     | Noticed a cyclops
 15095 | D:11     | Killed Erolcha
 15101 | D:11     | Killed a cyclops
 15102 | D:11     | Reached skill level 10 in Necromancy
 15346 | D:11     | Noticed a two-headed ogre
 15358 | D:11     | Killed a two-headed ogre
 15745 | D:11     | Identified the ring of Ehuk {rElec rCorr}
 16259 | Orc:1    | Entered Level 1 of the Orcish Mines
 16276 | Orc:1    | Reached skill level 9 in Alchemy
 16560 | Orc:1    | Noticed Sonja
 16567 | Orc:1    | Killed Sonja
 16659 | Orc:1    | Found Qathut's Magic Scroll Shop.
 16672 | Orc:1    | Noticed Jorgrun
 16691 | Orc:1    | Killed Jorgrun
 16824 | Orc:1    | Bought a scroll of teleportation for 33 gold pieces
 16824 | Orc:1    | Bought 2 scrolls of identify for 44 gold pieces
 16892 | Orc:2    | Entered Level 2 of the Orcish Mines
 16892 | Orc:2    | Noticed an orc sorcerer
 16899 | Orc:2    | Reached skill level 11 in Necromancy
 16899 | Orc:2    | Killed an orc sorcerer
 16899 | Orc:2    | Reached *** piety under Kikubaaqudgha
 16899 | Orc:2    | Received a gift from Kikubaaqudgha
 16900 | Orc:2    | Reached XP level 12. HP: 60/110 MP: 20/24
 16954 | Orc:1    | Learned a level 6 spell: Death Channel
 16959 | Orc:1    | Learned a level 4 spell: Martyr's Knell
 16964 | Orc:1    | Learned a level 4 spell: Anguish
 16968 | Orc:1    | Learned a level 3 spell: Fugue of the Fallen
 16982 | Orc:2    | Reached skill level 1 in Hexes
 17283 | Orc:2    | Found Zoziloeg's Jewellery Emporium.
 17324 | Orc:2    | Found Kuaph's Antique Weapon Emporium.
 17335 | Orc:2    | Reached skill level 3 in Hexes
 17508 | Orc:2    | Reached skill level 12 in Necromancy
 17732 | Orc:2    | Found Ystetoow's General Store.
 17835 | Orc:2    | Noticed an orc high priest
 17837 | Orc:2    | Noticed an orc warlord
 17847 | Orc:2    | Found Kusy's Antique Armour Emporium.
 17847 | Orc:2    | Killed an orc high priest
 17852 | Orc:2    | Killed an orc warlord
 18201 | Orc:2    | Found a staircase to the Elven Halls.
 18253 | Orc:1    | Reached **** piety under Kikubaaqudgha
 18822 | Lair:1   | Entered Level 1 of the Lair of Beasts
 18932 | Lair:1   | Reached skill level 6 in Hexes
 19025 | Lair:1   | Reached skill level 13 in Necromancy
 19193 | Lair:1   | Noticed a death yak
 19205 | Lair:1   | Gained mutation: You can use your snake-like lower body to
                  | constrict enemies. [Naga growth]
 19205 | Lair:1   | Reached XP level 13. HP: 117/117 MP: 1/25
 19837 | Lair:2   | Found a staircase to the Snake Pit.
 19939 | Lair:2   | Identified the +2 war axe of Success {freeze, rCorr Dex+5}
 20023 | Lair:2   | HP: 4/117 [blink frog (10)]
 20024 | Lair:2   | Reached skill level 14 in Necromancy
 20106 | Lair:2   | Found a staircase to the Swamp.
 20929 | Lair:3   | Noticed Rupert
 21345 | Lair:3   | Reached skill level 15 in Necromancy
 21495 | Lair:3   | Reached skill level 1 in Armour
 21547 | Lair:3   | Slain by Rupert

Illustrated notes

Levels and vault maps discovered:
D:1:      ncdulo_lavacross, layout_basic, ebering_ecumenical_altar_mist,
          st_stairs_9, hangedman_decor_riveting
D:2:      layout_basic, serial_shops, shop
D:3:      layout_basic, trog_hazing_becter, jmf_multi_god_temple, st_stairs_2,
          nicolae_wormholes
D:4:      layout_loops_ring, mainiacjoe_overflow_small_starburst,
          mainiacjoe_overflow_alcove_1, nicolae_shop_sticking_my_neck_out
D:5:      layout_loops_ring
D:6:      layout_basic, minmay_temple_entry_butterflies,
          kennysheep_generic_room_10
D:7:      layout_basic, amethyst_overflow_temple_binary, enter_bailey_3
D:8:      layout_cave_pods, kennysheep_little_box, the_hattery
D:9:      layout_cave_pods
D:10:     layout_irregular_city, grunt_lair_entry_orc_guard_hut
D:11:     layout_stronghold, nicolae_trove_entry_crossroad, uniq_erolcha
Temple:   dpeg_chambers_temple
Lair:1:   layout_hall_layers
Lair:2:   lemuel_slime, layout_cave_pods, skrybe_swamp_entry_bodies,
          alex1729_snake_entry_snake, minivault_23
Lair:3:   layout_long_grid, uniq_rupert
Orc:1:    layout_diamond_mine, serial_shops, shop,
          portal_ice_cave_demonic_guard, uniq_jorgrun, uniq_sonja
Orc:2:    grunt_orc_gardens, layout_caves, grunt_orc_garden, grunt_orc_garden,
          grunt_orc_garden, grunt_orc_garden

Skill      XL: |  1  2  3  4  5  6  7  8  9 10 11 12 13 |
---------------+----------------------------------------+-----
Alchemy        | 4 5 6 10 | 10.0
Spellcasting   | 3 4 7 8 |  8.0
Dodging        | 2 4 |  4.0
Fighting       | 4 8 |  8.0
Stealth        | 8 |  8.0
Necromancy     | 9 11 13 15 | 15.0
Hexes          | 7 8 |  8.0
Armour         | 1 |  1.7
Conjurations   | |  1.0

Action                     |  1- 3 |  4- 6 |  7- 9 | 10-12 | 13-15 || total
---------------------------+-------+-------+-------+-------+-------++-------
  Melee: Unarmed           |    18 |       |       |       |       ||    18
         Punch             |     1 |       |     3 |       |       ||     4
         Short sword       |    15 |     8 |    25 |     9 |       ||    57
         Rapier            |       |       |    35 |    23 |       ||    58
         Trident           |       |       |       |    66 |    93 ||   159
         Constrict         |       |       |       |       |    13 ||    13
   Cast: Sting             |    80 |    75 |   156 |   148 |    73 ||   532
         Olgreb's Toxic Ra |       |     7 |    33 |   141 |    34 ||   215
         Anguish           |       |       |       |    23 |    35 ||    58
         Death Channel     |       |       |       |     7 |     3 ||    10
         Martyr's Knell    |       |       |       |     5 |     1 ||     6
 Invoke: Unearth Wretches  |       |       |       |       |     1 ||     1
Ability: Spit Poison       |     8 |     2 |    14 |    24 |     4 ||    52
  Evoke: Wand              |     1 |     9 |     9 |    14 |       ||    33
    Use: Potion            |     2 |       |     2 |     2 |     5 ||    11
         Scroll            |     1 |     4 |     6 |    12 |     3 ||    26
   Stab: Distracted        |       |       |     1 |     2 |       ||     3
         Sleeping          |       |       |     1 |       |       ||     1
         Paralysed         |       |       |       |       |     1 ||     1
 Armour: Robe              |    56 |    43 |   115 |   110 |       ||   324
         Troll leather arm |       |       |       |   137 |   173 ||   310
  Dodge: Dodged            |    33 |    25 |    87 |   127 |    74 ||   346
  Block: Buckler           |       |       |       |    51 |    35 ||    86

Table legend: (Time is in decaauts)
 A = Elapsed time spent in this place.
 B = Non-inter-level travel time spent in this place.
 C = Inter-level travel time spent in this place.
 D = Time resting spent in this place.
 E = Time spent auto-exploring this place.
 F = Levels seen in this place.
 G = Mean time per level.
                   A        B        C        D        E       F      G
               +--------+--------+--------+--------+--------+-----+--------+
         Total |  26134 |  24093 |   2041 |   2876 |  18453 |  18 | 1451.9 |
       Dungeon |  18613 |  17085 |   1528 |   1849 |  13607 |  11 | 1692.1 |
        Temple |    114 |      1 |    113 |      0 |      0 |   1 |  114.0 |
          Lair |   3453 |   3252 |    201 |    490 |   2234 |   3 | 1151.0 |
  Orcish Mines |   2921 |   2724 |    197 |    451 |   1891 |   2 | 1460.5 |
        Bailey |   1031 |   1031 |      0 |     85 |    720 |   1 | 1031.0 |
               +--------+--------+--------+--------+--------+-----+--------+

Top non-repeatable levels by time:
     D:7: 2252 daAuts
     D:8: 2154 daAuts
    D:11: 2137 daAuts
    D:10: 1940 daAuts
     D:6: 1890 daAuts
     D:3: 1802 daAuts
  Lair:2: 1752 daAuts
     D:1: 1508 daAuts
   Orc:1: 1499 daAuts
   Orc:2: 1421 daAuts
     D:5: 1307 daAuts
     D:4: 1301 daAuts
     D:9: 1198 daAuts
  Lair:1: 1130 daAuts
     D:2: 1121 daAuts
